 Dungeon Crawl Stone Soup version 0.14-a0-1546-g4b4961f (webtiles) character file.

139 M4edhros the Ducker (level 3, 0/26 HPs)
             Began as an Octopode Chaos Knight on Dec 19, 2013.
             Was a Plaything of Xom.
             Succumbed to an adder's poison
             ... on Level 2 of the Dungeon.
             The game lasted 00:01:20 (962 turns).

M4edhros the Ducker (Octopode Chaos Knight)          Turns: 962, Time: 00:01:20

HP   0/26        AC  1     Str 11      XL: 3   Next: 95%
MP   3/3         EV 13     Int 15      God: Xom
Gold 83          SH  0     Dex 11      Spells:  0 memorised,  2 levels left

rFire  . . .     SeeInvis .     a - +0 spear (chaos)
rCold  . . .     Clarity  +     (no shield)
rNeg   . . .     Conserve .     (helmet restricted)
rPois  .         rCorr    .     g - amulet of clarity
rElec  .         rRot     .     n - ring of flight
SustAb . .       Spirit   .     (no ring)
rMut   .         Warding  .     (no ring)
Saprov . . .     Stasis   .     (no ring)
                                (no ring)
                                (no ring)
                                (no ring)
                                (no ring)

@: mildly poisoned, not resistant to hostile enchantments, fairly stealthy
A: almost no armour, amphibious, 8 rings, constrict 8, camouflage 1, gelatinous
body 1
a: Renounce Religion, Evoke Flight


You were on level 2 of the Dungeon.
You worshipped Xom.
You were a toy of Xom.
You were not hungry.

You visited 1 branch of the dungeon, and saw 2 of its levels.

You collected 83 gold pieces.

Inventory:

Hand weapons
 a - a +0,+0 spear of chaos (weapon)
Comestibles
 c - a bread ration
Scrolls
 b - a scroll of magic mapping {unknown}
 d - a scroll of random uselessness {unknown}
 e - a scroll of blinking {unknown}
 f - 2 scrolls of identify
 h - 2 scrolls of teleportation
 k - a scroll of fear {unknown}
 l - a scroll of amnesia {unknown}
 m - a scroll of remove curse
Jewellery
 g - an amulet of clarity (around mantle)
 n - a ring of flight (left tentacle)


   Skills:
 - Level 3.0 Fighting
 - Level 3.0 Polearms
 + Level 4.3 Dodging


You had 2 spell levels left.
You didn't know any spells.

Dungeon Overview and Level Annotations

Branches:
Dungeon (2/16)

Altars:


Innate Abilities, Weirdness & Mutations

You cannot wear most types of armour.
You are amphibious.
You can wear up to eight rings at the same time.
You can use your tentacles to constrict many enemies at once.
Your skin changes colour to match your surroundings (Stlth).
Your rubbery body absorbs attacks (AC +1).


Message History

It poisons you!
You aren't carrying any potions.
Read which item? (? for menu, Esc to quit)
As you read the scroll of teleportation, it crumbles to dust.
You feel strangely unstable.
* * * LOW HITPOINT WARNING * * *
You feel sick. It bites you.
* * * LOW HITPOINT WARNING * * *
It barely misses you.
* * * LOW HITPOINT WARNING * * *
You feel sick.
You feel a little better.
Your surroundings suddenly seem different.
Xom thinks this is hilarious!
Found a robe.
Found a scroll labeled ONTIKK YRUIFEW.
It bites you.
* * * LOW HITPOINT WARNING * * *
You die...
Xom bursts into laughter!

... ... ..# # #.#.#
... ...[. ##
...##.##.#.## .#
#........... .#
#.........# .# #.#
#.#.# .#
###.###.#.####.# #
..?.............#
..>.#..@..######
#...#.### ### #)..#.#
..# #...#.# #.#
#...#.# #.#
###...#.#####.# #.#
#...%...........
##.####...>.####...!.
#...........# #...


There were no monsters in sight!

Vanquished Creatures
  2 adders (D:2)
  7 hobgoblins
  4 jackals (D:1)
  A quokka (D:2)
  4 bats
  2 giant cockroaches
  A giant gecko (D:1)
  2 giant newts (D:1)
  2 goblins (D:2)
  2 kobolds (D:1)
  5 rats
32 creatures vanquished.

Vanquished Creatures (collateral kills)
  A jackal (D:1)
  A kobold (D:1)
  A bat (D:1)
3 creatures vanquished.

Grand Total: 35 creatures vanquished

Notes
Turn   | Place    | Note
--------------------------------------------------------------
     0 | D:1      | M4edhros, the Octopode Chaos Knight, began the quest for the Orb.
     0 | D:1      | Reached XP level 1. HP: 16/16 MP: 1/1
    90 | D:1      | Reached XP level 2. HP: 13/21 MP: 2/2
   286 | D:1      | Reached XP level 3. HP: 9/26 MP: 3/3
   585 | D:2      | XOM: harmless Erth miscast
   613 | D:2      | Reached skill level 4 in Dodging
   945 | D:2      | XOM: potion effect (curing)
   961 | D:2      | HP: 1/26 [something (2)]
   962 | D:2      | Succumbed to an adder's poison

Action                   || total
-------------------------++-------
Melee: Spear             ||   106
  Use: Scroll            ||     4
       Potion            ||     3
 Stab: Paralysed         ||     1
       Sleeping          ||     1
